 Dungeon Crawl Stone Soup version 0.32-a0-834-geaf45d8e21 (webtiles) character file.

Game seed: 1460487555029078245

1592239 ragingrage the Human Blade (level 27, 202/202 HPs)
             Began as a Human Berserker on Mar 25, 2024.
             Was a High Priest of Trog.
             Escaped with the Orb
             ... and 3 runes on Mar 26, 2024!
             The game lasted 01:57:30 (76685 turns).

ragingrage the Human Blade (Human Berserker)       Turns: 76685, Time: 01:57:31

Health: 202/202    AC: 33    Str: 18 (19) XL:     27
Magic:  28/28      EV: 33    Int: 14      God:    Trog [*****.]
Gold:   2646       SH: 24    Dex: 33 (34) Spells: 26/26 levels left

rFire   + . .        a - +9 demon blade (elec)
rCold   + . .        I - +5 kite shield {AC+3}
rNeg    + . .        Y - +4 ring mail of Nyig {rC+ Dex+4 SInv}
rPois   +            W - +2 helmet {SInv}
rElec   +            x - +2 cloak {rPois}
rCorr   +            g - +1 pair of gloves "Kuh Jiuk" {rElec rCorr}
SInv    +            c - +2 pair of boots {Fly}
Will    +++..        e - amulet "Limaozagi" {Fly Regen+ Int+4 Dex+4 Stlth+}
Stlth   +++          u - ring "Otaosmat" {rPois rN+ Will+ Slay+2}
HPRegen 1.33/turn    k - ring of the Raven {rPois rF+ AC+4 Int+3 Dex+2}
MPRegen 0.21/turn

%: no passive effects
@: flying
A: explore regen, hooves 1, clumsy 1, deterioration 1, frail 1, high MP 1, sense
surroundings 1, screaming 1, electricity resistance, subdued magic 1
0: Orb of Zot
}: 3/15 runes: serpentine, barnacled, silver
a: Renounce Religion, Berserk, Trog's Hand, Brothers in Arms


You escaped.
You worshipped Trog.
Trog was extremely pleased with you.
You visited 10 branches of the dungeon, and saw 48 of its levels.
You visited 1 bazaar.
You also visited: Sewer, Ice Cave, Volcano and Desolation.

You collected 7904 gold pieces.
You spent 5258 gold pieces at shops.

Inventory:

Hand Weapons
 a - a +9 demon blade of electrocution (weapon)
 b - a +6 vampiric double sword
Missiles
 r - 10 silver javelins (quivered)
 G - 16 javelins
 L - 3 throwing nets
Armour
 c - a +2 pair of boots of flying (worn)
 g - the +1 pair of gloves "Kuh Jiuk" (worn) {rElec rCorr}
   (You bought it in a shop on level 2 of the Orcish Mines)

   rElec:     It insulates you from electricity.
   rCorr:     It protects you from acid and corrosion.
 x - a +2 cloak of poison resistance (worn)
 I - a +5 kite shield of protection (worn)
 W - a +2 helmet of see invisible (worn)
 Y - the +4 ring mail of Nyig (worn) {rC+ Dex+4 SInv}
   (You found it on level 11 of the Dungeon)

   Dex+4:     It affects your dexterity (+4).
   rC+:       It protects you from cold.
   SInv:      It lets you see invisible.
Jewellery
 e - the amulet "Limaozagi" (around neck) {Fly Regen+ Int+4 Dex+4 Stlth+}
   (You found it on level 1 of the Vaults)

   [amulet of regeneration]

   Int+4:     It affects your intelligence (+4).
   Dex+4:     It affects your dexterity (+4).
   Fly:       It grants you flight.
   Regen+:    It increases your rate of health regeneration.
   Stlth+:    It makes you more stealthy.
 h - the ring "Oseulus" {rF+ Str+4 Int-4 Dex+6}
   (You found it on level 5 of the Vaults)

   [ring of dexterity]

   Str+4:     It affects your strength (+4).
   Int-4:     It affects your intelligence (-4).
   Dex+6:     It affects your dexterity (+6).
   rF+:       It protects you from fire.
 k - the ring of the Raven (right hand) {rPois rF+ AC+4 Int+3 Dex+2}
   (You bought it in a shop on level 10 of the Dungeon)

   [ring of protection]

   AC+4:      It affects your AC (+4).
   Int+3:     It affects your intelligence (+3).
   Dex+2:     It affects your dexterity (+2).
   rF+:       It protects you from fire.
   rPois:     It protects you from poison.
 u - the ring "Otaosmat" (left hand) {rPois rN+ Will+ Slay+2}
   (You acquired it on level 7 of the Dungeon)

   [ring of poison resistance]

   Slay+2:    It affects your accuracy & damage with ranged weapons and melee
   (+2).
   rPois:     It protects you from poison.
   rN+:       It protects you from negative energy.
   Will+:     It increases your willpower.
Wands
 z - a wand of charming (36)
 D - a wand of polymorph (15)
 M - a wand of flame (38)
 O - a wand of roots (46)
 Q - a wand of light (16)
 X - a wand of mindburst (15)
 Z - a wand of digging (7)
Scrolls
 d - 22 scrolls of teleportation
 j - 4 scrolls of blinking
 n - 8 scrolls of summoning
 o - 6 scrolls of fear
 p - 2 scrolls of immolation
 q - 6 scrolls of vulnerability
 y - 6 scrolls of fog
 C - a scroll of revelation
 H - 8 scrolls of poison
 U - 2 scrolls of noise
 V - a scroll of silence
Potions
 f - 17 potions of heal wounds
 i - 6 potions of might
 l - 7 potions of resistance
 m - 7 potions of mutation
 s - 7 potions of berserk rage
 t - 11 potions of attraction
 w - 6 potions of cancellation
 A - 2 potions of invisibility
 B - 16 potions of curing
 E - 4 potions of ambrosia
 F - 4 potions of haste
 J - 4 potions of enlightenment
 S - 7 potions of magic
Miscellaneous
 v - a condenser vane
 K - a lightning rod (4/4)
 N - a phantom mirror
 P - a sack of spiders
 R - a phial of floods


   Skills:
 + Level 20.3 Fighting
 - Level 8.1(16.1) Short Blades
 - Level 21.5(22.0) Long Blades
 - Level 18.0 Throwing
 - Level 16.0 Armour
 + Level 20.3 Dodging
 + Level 12.7 Stealth
 + Level 19.3 Shields
 - Level 4.0 Invocations
 - Level 18.0 Evocations


You had 26 spell levels left.
You didn't know any spells.
Your spell library was empty.

Dungeon Overview and Level Annotations

Branches:
Dungeon (15/15)            Temple (1/1) D:7            Lair (5/5) D:9
 Shoals (4/4) Lair:2        Snake (4/4) Lair:3        Slime (0/5) Lair:5
    Orc (2/2) D:12            Elf (3/3) Orc:2        Vaults (5/5) D:13
  Crypt (0/3) Vaults:3     Depths (4/4) D:15            Zot (5/5) Depths:4
  Sewer (visited)           IceCv (visited)         Volcano (visited)
Desolation (visited)

Altars:
Ashenzari
Cheibriados
Dithmenos
Elyvilon
Fedhas
Gozag
Hepliaklqana
Kikubaaqudgha
Makhleb
Nemelex Xobeh
Okawaru
Qazlal
Ru
Sif Muna
Trog
Uskayaw
Vehumet
Wu Jian
Xom
Yredelemnul
Zin
The Shining One
Beogh

Shops:
D:7 [   D:8 [   D:10 *=   Orc:2 :=!*[   Elf:1 (:*=   Elf:3 :   Shoals:2 =
Snake:1 (   Snake:3 [   Vaults:3 ??=*[   Vaults:4 ?   Depths:4 (!(

Portals:
Hell: Depths:1 Depths:2 Depths:3 Depths:4
Abyss: Depths:2 Depths:3 Depths:4
Pandemonium: Depths:2
Ziggurat: Depths:3

Annotations:
D:5 1 runed translucent door, Crazy Yiuf
Lair:2 exclusion: downstairs
Lair:5 exclusion: obsidian statue
Snake:2 1 transporter, 5 runed translucent doors
Elf:2 2 transporters, Lorhegae's ghost, veteran FoDe
Vaults:4 3 runed translucent doors, Xedevy's ghost, adept KoEn
Depths:3 Boris
Zot:4 2 transporters, Ygyeth Femmu's ghost, veteran MiBe


Innate Abilities, Weirdness & Mutations

You regain HP and MP as you explore.
You have large cloven feet.
You are clumsy. (Dex -2)
Your body sometimes deteriorates upon taking damage.
You are frail. (-10% HP)
You have an increased reservoir of magic. (+10% MP)
You passively map a small area around you.
You occasionally shout uncontrollably at your foes.
You are resistant to electric shocks. (rElec)
Your spells are a little easier to cast, but a little less powerful.


Message History

Erutot closely misses you.
There is a stone staircase leading up here.
You are engulfed in blazing flames.
You resist. Erutot hits you!! Space warps horribly around you!!
The lich is engulfed in blazing flames.
You block Erutot's attack.
You fly upwards.
Level annotation: 1 runed translucent door, Crazy Yiuf
There is a stone staircase leading down here.
Unknown command.
Unknown command.
Unknown command.
Blink to where?
Press: ? - help, Dir - move target
As you read the scroll of blinking, it crumbles to dust.
Blink to where?
Press: ? - help, Dir - move target
As you read the scroll of blinking, it crumbles to dust.
You fly upwards.
There is a stone staircase leading down, spattered with blood here.
(D) Dungeon (T) Temple (L) Lair (A) Shoals (P) Snake Pit (M) Slime Pits (O) Orcish Mines (E) Elven Halls (V) Vaults (C) Crypt (U) Depths (H) Hell (Z) Zot
Where to? (Tab/Enter - D:1 @ (x,y), ? - help)
What level of the Dungeon? (default 1, ? - help)
Things that are here:
a +0 whip; a gnoll skeleton
There is a stone staircase leading up here.
You fly upwards.
There is a stone staircase leading down here.
There is a stone staircase leading up here.
You fly upwards.
There is a stone staircase leading down here.
There is a stone staircase leading up here.
You fly upwards.
There is a stone staircase leading down here.
Things that are here:
a +0 dagger; a goblin skeleton
There is a staircase leading out of the dungeon here.
You have escaped! ♣♣♣♣♣♣♣♣♣ ####### ♣.......♣ #.....# ♣.PPPPP.♣ ###.###.# ♣.P~~~P.♣ ....# #.# ♣.P≈ß~P.♣ ###.###.# ♣.P~~~P.♣ #.....# ♣.PPPPP.♣

###.###
♣@......♣ #.#
♣♣♣.♣♣♣♣♣ #.#
#.# #.# ###.#
#.# ###...#
##.## #...###
####>).# #.###
.....#.#######.#
.###...........#


There were no monsters in sight!

Vanquished Creatures
  Frederick (Vaults:2)
  7 orbs of fire
  A dread lich (Vaults:4)
  An ancient lich (Zot:5)
  A juggernaut (Depths:2)
  Sojobo (Depths:4)
  Boris (twice) (Vaults:2 Depths:2)
  3 Killer Klowns
  Margery (Depths:2)
  5 curse toes
  13 golden dragons
  Jory (Depths:4)
  3 electric golems
  17 tentacled monstrosities
  3 liches
  22 Orb Guardians
  2 deep elf master archers (Elf:3)
  A walking frostbound tome (Depths:3)
  A searing wretch (Depths:2)
  6 titans
  An Ice Fiend (D:9)
  3 deep elf blademasters
  9 quicksilver dragons
  A kraken (Shoals:4)
  6 sphinxes
  13 shadow dragons
  5 tengu reavers
  16 storm dragons
  15 death cobs
  5 nagarajas
  6 fire giants
  2 protean progenitors (Zot:1)
  14 frost giants
  8 draconian knights
  8 draconian monks
  An iron dragon (Vaults:4)
  16 vault wardens
  14 draconian scorchers
  9 draconian shifters
  7 deep elf sorcerers
  6 deep elf elementalists
  A ghost moth (Zot:3)
  Louise (D:15)
  4 draconian stormcallers
  18 ironbound preservers
  2 reapers
  12 draconian annihilators
  An orc warlord (Vaults:2)
  A juggernaut skeleton (Depths:2)
  5 formless jellyfish
  4 deep elf death magi
  7 ironbound thunderhulks
  2 vampire knights
  15 very ugly things
  A ghoul (Vaults:3)
  An apis (Shoals:4)
  16 stone giants
  18 yellow draconians
  3 spark wasps
  4 deep elf demonologists
  A halazid warlock (Desolation)
  14 green draconians
  13 black draconians
  21 dire elephants
  19 red draconians
  19 purple draconians
  21 white draconians
  5 deep elf annihilators (Elf:3)
  6 war gargoyles
  10 merfolk javelineers
  10 merfolk impalers
  8 ragged hierophants (Desolation)
  6 fire dragons
  7 crystal guardians
  8 ettins
  5 deep elf high priests
  Josephine (Lair:3)
  An entropy weaver (shapeshifter) (Elf:1)
  3 entropy weavers
  14 yaktaur captains
  3 great orbs of eyes
  9 servants of whispers
  32 vault guards (Vaults:4)
  4 salamander tyrants
  A spriggan air mage (Depths:2)
  11 ice dragons
  8 peacekeepers
  5 hydras
  7 rakshasas
  2 jorogumos (Zot:1)
  4 ogre magi
  19 centaur warriors
  12 ironbound frosthearts
  2 catoblepae (Shoals:2)
  3 alligator snapping turtles
  6 anacondas
  5 boulder beetles
  19 dancing weapons
  4 merfolk aquamancers (Shoals:4)
  5 merfolk avatars
  6 two-headed ogres
  A torpor snail (shapeshifter) (Vaults:5)
  5 deep troll shamans
  4 hell hogs
  7 tengu warriors
  5 occultists
  2 satyrs (Shoals:3)
  2 vampire magi
  Urug (D:11)
  3 deep troll earth magi
  3 orc high priests (Orc:2)
  20 death yaks
  A spectral dire elephant (Lair:5)
  12 deep elf knights
  4 shock serpents
  10 naga sharpshooters
  A soul eater (Vaults:3)
  3 hell knights (Depths:2)
  11 naga warriors
  A titan skeleton (Vaults:3)
  A skeletal warrior (Vaults:3)
  4 skysharks
  2 sun demons (Depths:4)
  4 iron trolls (Depths:3)
  5 salamander mystics
  2 cherubim (Shoals:4)
  A death drake (Depths:4)
  2 skysharks (shapeshifter)
  5 sea snakes
  A spectral anaconda (Lair:5)
  A golden dragon zombie (Depths:2)
  A sun moth (shapeshifter) (D:14)
  2 flayed ghosts
  A mana viper (shapeshifter) (Vaults:1)
  41 deep trolls
  2 sixfirhies
  A deep troll (shapeshifter) (Depths:3)
  4 glowing orange brains
  9 mana vipers
  18 ironbound convokers
  5 phantasmal warriors
  5 arcanists
  21 deep elf zephyrmancers
  7 naga ritualists
  7 deep elf archers
  25 deep elf pyromancers
  15 orc knights
  An obsidian bat (Orc:2)
  8 harpies
  11 lindwurms
  8 necromancers
  27 ugly things
  An oklob plant (Shoals:1)
  6 orc sorcerers
  15 manticores
  17 cyclopes
  16 fauns
  17 salamanders
  A tengu skeleton (Depths:2)
  A manticore (shapeshifter) (Depths:3)
  11 merfolk sirens
  36 moths of wrath
  A kobold blastminer (Orc:2)
  A guardian serpent (shapeshifter) (Depths:2)
  22 black mambas
  9 elephants
  An elephant (shapeshifter) (Depths:3)
  An ice statue (IceCv)
  3 meliai (D:14)
  10 guardian serpents
  A water nymph (Shoals:2)
  A gargoyle (D:11)
  11 naga magi
  22 vault sentinels
  5 molten gargoyles
  A centaur skeleton (D:15)
  8 cane toads
  2 water nymphs (shapeshifter)
  4 rime drakes
  3 kobold demonologists (D:10)
  A smoke demon (Depths:2)
  3 unseen horrors
  10 komodo dragons
  An ice devil (D:6)
  19 yaktaurs
  2 efreet
  A red devil (Zot:2)
  5 tengu conjurers
  A wolf spider simulacrum (D:15)
  An elf skeleton (Vaults:3)
  6 trolls
  A wind drake (shapeshifter) (Elf:1)
  Grinder (D:3)
  23 merfolk
  6 wind drakes
  14 polar bears
  3 glass eyes
  6 snapping turtles
  A hornet (D:11)
  A blink frog (shapeshifter) (Elf:1)
  2 raiju (shapeshifter)
  47 saltlings
  7 blink frogs
  An ettin zombie (Vaults:3)
  32 slime creatures
  2 dream sheep (Shoals:4)
  A centaur simulacrum (D:15)
  4 air elementals (Elf:2)
  5 water elementals
  7 wraiths
  2 shadows (D:12)
  5 basilisks
  A spriggan (D:12)
  3 wyverns
  A vampire (D:10)
  55 yaks
  3 wargs
  A fire elemental (Elf:1)
  9 vampire mosquitoes
  4 death yak simulacra (Lair:5)
  A harpy simulacrum (D:15)
  43 nagas
  A redback (shapeshifter) (Vaults:5)
  2 spectral cane toads (Lair:5)
  3 acid dragons
  22 water moccasins
  2 ice beasts
  5 black bears
  4 elephant zombies
  17 orc warriors
  2 sky beasts
  A meliai simulacrum (D:15)
  A black bear (shapeshifter) (D:12)
  A tengu (shapeshifter) (Elf:1)
  10 ogres
  16 wolves
  An elephant skeleton (Lair:5)
  5 centaurs
  A phantom (D:4)
  3 elf zombies (D:8)
  7 kobold brigands
  3 gnoll sergeants
  Blork the orc (D:6)
  18 bullfrogs
  A scorpion (D:4)
  An earth elemental (Elf:3)
  A wight (D:9)
  3 elephant simulacra (Lair:5)
  6 killer bees (D:8)
  5 howler monkeys
  3 electric eels
  4 bombardier beetles
  A jelly (D:7)
  15 orc priests
  3 hounds
  A gnoll bouda (D:4)
  5 iguanas
  A scorpion zombie (D:8)
  16 orc wizards
  11 hell rats
  An ogre zombie (D:8)
  4 hound zombies (D:8)
  2 howler monkey zombies (D:8)
  18 gnolls
  A river rat (Sewer)
  7 adders
  2 shadow imps
  2 white imps
  2 adder zombies (D:8)
  3 dart slugs
  2 ribbon worms
  38 orcs
  8 ball pythons
  6 endoplasms
  4 giant cockroaches
  10 goblins
  5 hobgoblins
  3 jackals (D:4)
  2 quokkas
  3 training dummies (Snake:1)
  2 bats (D:1)
  2 frilled lizards
  30 kobolds
  13 rats
  4 tentacles (Shoals:4)
2021 creatures vanquished.

Vanquished Creatures (collateral kills)
  An orb of fire (Zot:5)
  Bai Suzhen (Shoals:3)
  A Killer Klown (Zot:5)
  An electric golem (Zot:5)
  A tentacled monstrosity (Zot:3)
  An Orb Guardian (Zot:5)
  A quicksilver dragon (Vaults:5)
  2 shadow dragons (Vaults:5)
  A storm dragon (Zot:3)
  A daeva (Shoals:4)
  A fire giant (Vaults:5)
  An imperial myrmidon (Desolation)
  A vault warden (Vaults:2)
  A red draconian (Depths:4)
  A purple draconian (Depths:4)
  A crystal guardian (Vaults:1)
  2 merfolk impalers (Shoals:4)
  2 merfolk javelineers (Shoals:4)
  A yaktaur captain (Vaults:2)
  A ragged hierophant (Desolation)
  A salamander tyrant (Snake:2)
  An ironbound frostheart (Vaults:1)
  A servant of whispers (Desolation)
  A merfolk aquamancer (Shoals:4)
  3 peacekeepers
  A naga warrior (Snake:2)
  A deep elf knight (Elf:1)
  A glowing orange brain (Depths:1)
  A deep elf archer (Elf:1)
  An ironbound convoker (Vaults:3)
  An arcanist (Vaults:3)
  A thermic dynamo (Elf:1)
  A phantasmal warrior (Vaults:5)
  2 deep elf zephyrmancers (Elf:1)
  2 ugly things (Vaults:3)
  2 deep elf pyromancers (Elf:1)
  3 harpies (Shoals:3)
  2 fauns (Shoals:3)
  An orc knight (Volcano)
  A manticore (Shoals:3)
  4 salamanders (Snake:2)
  A moth of wrath (Zot:3)
  A merfolk siren (Shoals:3)
  A vault sentinel (Vaults:2)
  A molten gargoyle (Volcano)
  2 wind drakes (Shoals:3)
  A merfolk (Shoals:4)
  7 saltlings (Desolation)
69 creatures vanquished.

Vanquished Creatures (others)
  A tentacled monstrosity (Zot:3)
  A draconian scorcher (Zot:4)
  2 deep elf annihilators (Elf:3)
  A dancing weapon (Elf:1)
  A deep elf knight (Elf:2)
  2 deep elf zephyrmancers
  2 deep elf pyromancers (Elf:2)
  A golden eye (shapeshifter) (D:12)
  An orc wizard (Orc:2)
  12 tentacles (Shoals:4)
24 creatures vanquished.

Grand Total: 2114 creatures vanquished

Notes
Turn   | Place    | Note
-------+----------+-------------------------------------------
     0 | D:1      | ragingrage the Human Berserker began the quest for the Orb.
     0 | D:1      | Reached XP level 1. HP: 18/18 MP: 1/1
   192 | D:1      | Reached XP level 2. HP: 24/24 MP: 2/2
   891 | D:1      | Reached skill level 1 in Stealth
   891 | D:1      | Reached XP level 3. HP: 22/29 MP: 3/3
  1159 | D:2      | Reached skill level 4 in Long Blades
  2084 | D:3      | Reached XP level 4. HP: 35/35 MP: 4/4
  2138 | D:3      | Found a glowing silver altar of Zin.
  2172 | D:3      | Noticed Grinder
  2226 | D:3      | Paralysed by Grinder for 2 turns
  2234 | D:3      | Killed Grinder
  2235 | D:3      | Reached skill level 5 in Long Blades
  2235 | D:3      | Reached XP level 5. HP: 42/42 MP: 5/5
  2235 | D:3      | Reached XP level 6. HP: 48/48 MP: 6/6
  2281 | D:3      | Found a faded altar of an unknown god.
  2482 | D:3      | Reached ** piety under Trog
  2653 | D:3      | Found an opulent altar of Gozag.
  2714 | D:3      | Reached skill level 6 in Long Blades
  3039 | D:4      | Reached XP level 7. HP: 55/55 MP: 7/7
  3217 | D:4      | Identified the ring of Regits {*Slow rCorr MP+9 Str+9
                  | Stlth+}
  3412 | D:4      | Reached skill level 5 in Fighting
  3486 | D:4      | Reached skill level 7 in Long Blades
  3609 | D:4      | Found a glowing drain.
  3625 | Sewer    | Entered a sewer
  4042 | D:5      | Entered Level 5 of the Dungeon
  4136 | D:5      | Found a basalt altar of Yredelemnul.
  4438 | D:5      | Reached skill level 8 in Long Blades
  4438 | D:5      | Reached XP level 8. HP: 62/62 MP: 8/8
  5096 | D:5      | Reached skill level 1 in Short Blades
  5184 | D:5      | You fall into a shaft and drop 1 floor!
  5220 | D:7      | Reached *** piety under Trog
  5579 | D:5      | Found a runed translucent door.
  5580 | D:5      | Noticed Crazy Yiuf
  5810 | D:6      | Reached skill level 5 in Short Blades
  5872 | D:6      | Reached XP level 9. HP: 50/68 MP: 9/9
  5969 | D:6      | Found an ancient bone altar of Kikubaaqudgha.
  6008 | D:6      | Found a broken altar of Ashenzari.
  6251 | D:6      | Found a hazy altar of Hepliaklqana.
  6251 | D:6      | Noticed Blork the orc
  6252 | D:6      | Found a faded altar of an unknown god.
  6254 | D:6      | Killed Blork the orc
  7242 | D:7      | Found a staircase to the Ecumenical Temple.
  7248 | Temple   | Entered the Ecumenical Temple
  7352 | D:7      | Found a white marble altar of Elyvilon.
  7732 | D:7      | Found Wuest's Antique Armour Shop.
  8273 | D:7      | Identified 4 scrolls of acquirement
  8274 | D:7      | Acquired the ring "Otaosmat" {rPois rN+ Will+ Slay+2}
  8303 | D:8      | Reached skill level 9 in Long Blades
  8363 | D:7      | Acquired a +4 demon blade of electrocution
  8371 | D:7      | Acquired a +2 pair of boots of flying
  8378 | D:7      | Acquired 538 gold pieces
  8832 | D:8      | Reached skill level 10 in Long Blades
  8834 | D:8      | Reached **** piety under Trog
  8864 | D:8      | Reached XP level 10. HP: 69/74 MP: 10/10
  8885 | D:8      | Found a basalt altar of Yredelemnul.
  8970 | D:8      | Reached skill level 1 in Shields
  9059 | D:8      | Found Wumiun's Antique Armour Shop.
  9063 | D:8      | Bought a pair of runed gloves for 225 gold pieces
  9267 | D:9      | Found a staircase to the Lair.
  9287 | D:9      | Reached skill level 11 in Long Blades
  9839 | D:9      | Reached skill level 12 in Long Blades
  9986 | D:10     | Entered Level 10 of the Dungeon
  9986 | D:10     | Noticed a kobold demonologist
  9999 | D:10     | Killed a kobold demonologist
 10000 | D:10     | Reached skill level 5 in Shields
 10014 | D:10     | Found a radiant altar of Vehumet.
 10044 | D:10     | Found Nipridux's Assorted Antiques.
 10048 | D:10     | Bought a yellow potion for 18 gold pieces
 10048 | D:10     | Bought a scroll labelled EXYKYULEIH for 20 gold pieces
 10048 | D:10     | Bought a large filigree amulet for 100 gold pieces
 10189 | D:10     | Identified the +5 dagger of Gut Xante {drain, Int+7}
 10355 | D:10     | Killed an unseen horror
 10356 | D:10     | Reached XP level 11. HP: 76/79 MP: 11/11
 10567 | D:10     | Reached skill level 13 in Long Blades
 10620 | D:10     | Noticed a lindwurm
 10633 | D:10     | Killed a lindwurm
 10634 | D:10     | Noticed a lindwurm
 10642 | D:10     | Killed a lindwurm
 10643 | D:10     | Noticed a lindwurm
 10646 | D:10     | Noticed a lindwurm
 10649 | D:10     | Killed a lindwurm
 10651 | D:10     | Killed a lindwurm
 10695 | D:10     | Identified the staff of Valiance {^Fragile Fly rElec rN+++
                  | Stlth+ Air}
 10744 | D:10     | Found Lohiny's Jewellery Shop.
 11002 | D:10     | Acquired a manual of Shields
 11307 | D:11     | Noticed Urug
 11317 | D:11     | Killed Urug
 11318 | D:11     | Reached skill level 1 in Evocations
 11335 | D:11     | Identified the +4 ring mail of Nyig {rC+ Dex+4 SInv}
 11367 | D:11     | Reached skill level 10 in Shields
 11406 | D:11     | Noticed a manticore
 11412 | D:11     | Killed a manticore
 11703 | D:12     | Noticed a cyclops
 11725 | D:12     | Killed a cyclops
 11739 | D:12     | Found a staircase to the Orcish Mines.
 11781 | D:12     | Noticed a cyclops
 11792 | D:12     | Killed a cyclops
 11793 | D:12     | Reached XP level 12. HP: 35/86 MP: 12/12
 12118 | D:12     | Found a frozen archway.
 12128 | IceCv    | Entered an ice cave
 12163 | IceCv    | Reached ***** piety under Trog
 12492 | IceCv    | Reached skill level 15 in Shields
 12530 | IceCv    | Noticed a death yak
 12671 | IceCv    | Noticed a death yak
 12671 | IceCv    | Noticed a death yak
 12676 | IceCv    | Killed a death yak
 12685 | IceCv    | Killed a death yak
 12738 | IceCv    | Noticed a frost giant
 12772 | IceCv    | Killed a frost giant
 12784 | IceCv    | Reached skill level 5 in Evocations
 12784 | IceCv    | Reached XP level 13. HP: 95/95 MP: 13/13
 12793 | IceCv    | Received a gift from Trog
 12912 | IceCv    | Identified the +3 hand axe of Leniqewk {speed, rCorr Str+2}
 12989 | IceCv    | Reached skill level 5 in Armour
 13631 | D:12     | Identified the +7 great sword "Jotz" {flame, rCorr}
 13752 | D:12     | Identified the +4 short sword of Death's Door {flame, rN++}
 14492 | Lair:1   | Entered Level 1 of the Lair of Beasts
 14602 | Lair:1   | Found a dark tunnel.
 14632 | Volcano  | Entered a volcano
 15120 | Volcano  | Noticed a red draconian
 15136 | Volcano  | Killed a red draconian
 15234 | Volcano  | Reached skill level 10 in Fighting
 15245 | Volcano  | Reached XP level 14. HP: 56/110 MP: 14/14
 15501 | Volcano  | Noticed an orb of fire
 15541 | Volcano  | Noticed an orb of fire
 16658 | Lair:2   | Identified the +5 ring mail "Cuijun" {Str+4}
 17047 | Lair:2   | Found a staircase to the Shoals.
 17713 | Lair:3   | Found a staircase to the Snake Pit.
 17992 | Lair:3   | Noticed Josephine
 18013 | Lair:3   | Killed Josephine
 18706 | D:10     | Bought the ring of the Raven {rPois rF+ AC+4 Int+3 Dex+2}
                  | for 905 gold pieces
 19724 | Lair:5   | Entered Level 5 of the Lair of Beasts
 19802 | Lair:5   | Reached ****** piety under Trog
 19802 | Lair:5   | Received a gift from Trog
 19943 | Lair:5   | Found a staircase to the Slime Pits.
 20081 | Lair:5   | Reached XP level 15. HP: 121/121 MP: 15/15
 20789 | Lair:5   | Identified the +6 flail "Zaurag" {freeze, rC+++ Will- rCorr
                  | Dex+3}
 21804 | D:13     | Found a radiant altar of Vehumet.
 21962 | D:13     | Identified the +0 falchion of Dismemberment {flame, rF+
                  | Str+4} (Trog gifted it to you on level 13 of the Dungeon)
 21962 | D:13     | Received a gift from Trog
 22099 | D:13     | Reached skill level 10 in Armour
 22234 | D:13     | Found a gate to the Vaults.
 22435 | Orc:1    | Entered Level 1 of the Orcish Mines
 22584 | Orc:1    | Found a roughly hewn altar of Beogh.
 23153 | Orc:2    | Entered Level 2 of the Orcish Mines
 23250 | Orc:2    | Found Fopilir's Vocational Training.
 23488 | Orc:2    | Bought a manual of Evocations for 1200 gold pieces
 23743 | Orc:2    | Found a staircase to the Elven Halls.
 23754 | Orc:2    | Reached skill level 1 in Invocations
 24572 | Orc:2    | Reached skill level 10 in Evocations
 24652 | Orc:2    | Found Toesa's Antique Armour Shop.
 24652 | Orc:2    | Found Sopnorch's Jewellery Emporium.
 24654 | Orc:2    | Found Xegesh's General Store.
 24654 | Orc:2    | Found Kasmaoci's Distillery.
 24725 | Orc:2    | Bought a pair of bloodstained gloves for 247 gold pieces
 24725 | Orc:2    | Identified the +1 pair of gloves "Kuh Jiuk" {rElec rCorr}
                  | (You bought it in a shop on level 2 of the Orcish Mines)
 24739 | Orc:2    | Bought a potion of heal wounds for 70 gold pieces
 24739 | Orc:2    | Bought a potion of degeneration for 14 gold pieces
 25013 | Orc:2    | Found a staircase to the Elven Halls.
 25132 | Orc:2    | Found Fopilir's Vocational Training.
 25328 | Orc:2    | Found Toesa's Antique Armour Shop.
 25328 | Orc:2    | Found Sopnorch's Jewellery Emporium.
 25330 | Orc:2    | Found Xegesh's General Store.
 25330 | Orc:2    | Found Kasmaoci's Distillery.
 25510 | D:14     | Identified the +1 cloak "Gyzuhe" {rC- MP-9 Dex+6}
 25744 | D:14     | Reached XP level 16. HP: 133/133 MP: 17/17
 25769 | D:14     | Found a hide-covered altar of Uskayaw.
 26352 | D:15     | Entered Level 15 of the Dungeon
 26438 | D:15     | Noticed Louise
 26450 | D:15     | Killed Louise
 26816 | D:15     | Found a staircase to the Depths.
 26935 | D:15     | Reached skill level 15 in Evocations
 26992 | D:15     | Found an ornate altar of the Wu Jian Council.
 27474 | Snake:1  | Entered Level 1 of the Snake Pit
 27534 | Snake:1  | Found Nolyczeb's Firing Range.
 27547 | Snake:1  | Received a gift from Trog
 28512 | Snake:2  | Noticed a nagaraja
 28512 | Snake:2  | Noticed a nagaraja
 28513 | Snake:2  | Found a transporter.
 28517 | Snake:2  | Found a radiant altar of Vehumet.
 28522 | Snake:2  | Noticed a nagaraja
 28641 | Snake:2  | Noticed a nagaraja
 28818 | Snake:2  | Noticed a nagaraja
 28834 | Snake:2  | Killed a nagaraja
 28977 | Snake:2  | Reached skill level 5 in Dodging
 29036 | Snake:2  | Found a huge runed translucent gate.
 29036 | Snake:2  | Found a huge runed translucent gate.
 29037 | Snake:2  | Found a huge runed translucent gate.
 29047 | Snake:2  | Found a huge runed translucent gate.
 29047 | Snake:2  | Found a huge runed translucent gate.
 29284 | Snake:2  | Reached XP level 17. HP: 140/140 MP: 18/18
 30111 | Snake:3  | Found Qehusti's Antique Armour Shoppe.
 30213 | Snake:3  | Identified the +1 shortbow "Juceor" {heavy, Fly rF+ Will-
                  | Str+5}
 31375 | Snake:4  | Entered Level 4 of the Snake Pit
 31483 | Snake:4  | Reached skill level 14 in Long Blades
 32083 | Snake:4  | Reached skill level 15 in Fighting
 32738 | Snake:4  | Reached skill level 10 in Dodging
 33824 | Snake:4  | Identified the +1 pair of gloves "Dipli" {Int+3}
 33873 | Snake:4  | Got a serpentine rune of Zot
 34123 | Shoals:1 | Entered Level 1 of the Shoals
 34379 | Shoals:1 | Reached XP level 18. HP: 149/149 MP: 19/19
 34837 | Shoals:1 | Found a bloodstained altar of Trog.
 34861 | Shoals:1 | Received a gift from Trog
 35749 | Shoals:2 | Identified the +7 rapier of Gravity {holy, rElec rCorr}
 36514 | Shoals:2 | Found Esoett's Jewellery Shop.
 36623 | Shoals:3 | Noticed Bai Suzhen
 36634 | Shoals:3 | Killed Bai Suzhen
 36761 | Shoals:3 | Identified the +1 demon whip of Trog's Esteem {flame, *Rage
                  | rC+ rN+ rCorr} (Trog gifted it to you on level 3 of the
                  | Shoals)
 36761 | Shoals:3 | Received a gift from Trog
 36775 | Shoals:3 | Found a flickering gateway to a bazaar.
 36850 | Bazaar   | Entered a bazaar
 36852 | Bazaar   | Found Qiodeza's Armour Boutique.
 36856 | Bazaar   | Found Bithraqe's Armour Boutique.
 36856 | Bazaar   | Found Migamep's Distillery.
 36857 | Bazaar   | Found Fuorad's Antique Armour Boutique.
 36882 | Bazaar   | Bought a potion of might for 36 gold pieces
 36882 | Bazaar   | Bought a potion of cancellation for 72 gold pieces
 36882 | Bazaar   | Bought a potion of heal wounds for 45 gold pieces
 36882 | Bazaar   | Bought a potion of enlightenment for 45 gold pieces
 36882 | Bazaar   | Bought a potion of lignification for 27 gold pieces
 36896 | Bazaar   | Bought a potion of resistance for 90 gold pieces
 37459 | Shoals:4 | Entered Level 4 of the Shoals
 37471 | Shoals:4 | Reached skill level 15 in Dodging
 38343 | Shoals:4 | Found a glowing golden altar of the Shining One.
 38360 | Shoals:4 | Identified the +4 tower shield "Zysenia" {rF+ rC+ Str+2
                  | Slay-5}
 38700 | Shoals:4 | Got a barnacled rune of Zot
 38812 | Shoals:4 | Found a white marble altar of Elyvilon.
 38839 | Shoals:4 | Reached XP level 19. HP: 86/155 MP: 20/20
 39247 | Shoals:4 | Reached skill level 5 in Stealth
 39464 | Shoals:4 | Found a glowing silver altar of Zin.
 39477 | Shoals:4 | Received a gift from Trog
 39512 | Shoals:4 | Identified the +3 sling of Execution {antimagic, Dex+4}
 40144 | Elf:1    | Entered Level 1 of the Elven Halls
 40757 | Elf:1    | Found Moady's Jewellery Shoppe.
 40759 | Elf:1    | Found Hephuc's Assorted Antiques.
 40759 | Elf:1    | Found Xout's Book Emporium.
 40762 | Elf:1    | Found Ytteot's Antique Weapon Emporium.
 40771 | Elf:1    | Bought a clear potion for 19 gold pieces
 40771 | Elf:1    | Bought a potion of curing for 66 gold pieces
 40960 | Elf:1    | Received a gift from Trog
 41008 | Elf:2    | Found a runed translucent gate.
 41008 | Elf:2    | Found a runed translucent gate.
 41008 | Elf:2    | Found a runed translucent gate.
 41068 | Elf:2    | Found a transporter.
 41087 | Elf:2    | Paralysed by an air elemental for 1 turns
 41302 | Elf:2    | Found a transporter.
 41326 | Elf:2    | Identified the +5 ring mail "Irchuder" {Will++}
 41327 | Elf:2    | Noticed Lorhegae's ghost (veteran FoDe)
 41339 | Elf:2    | Found a crumbling gateway.
 41366 | Desolati | Entered the Desolation of Salt
 41475 | Desolati | Identified the amulet "Tiuqaf" {Acrobat rPois rN+ Slay+3}
 41477 | Desolati | Received a gift from Trog
 41480 | Desolati | Identified the +2 plate armour of Wu Jian's Displeasure
                  | {+Inv Fly rElec Int-2}
 41609 | Desolati | Identified the +3 ring mail of Utood {Regen+}
 41677 | Desolati | Identified the ring "Diabixisch" {^Drain rPois rN+ MP+9
                  | Int+2 Dex+2}
 42064 | Desolati | Received a gift from Trog
 42184 | Desolati | Reached XP level 20. HP: 134/164 MP: 21/21
 42470 | Desolati | Found the +10 Black Knight's barding {ponderous, rPois rN+}
 42533 | Desolati | Identified the +0 plate armour of the Volcano {Int+5}
 42735 | Desolati | Identified the +10 rapier "Agarghiv" {flame, Dex+5}
 42736 | Desolati | Identified the +3 fire dragon scales "Palif" {rF++ rC-
                  | Will+ Int+4 Stlth-}
 42743 | Desolati | Identified the ring of Unyd {rPois Slay+4}
 42766 | Desolati | Identified the ring "Xuqeh" {Ice Str+3}
 43458 | Elf:2    | Paralysed by an air elemental for 1 turns
 43633 | Elf:2    | Found a bloodstained altar of Trog.
 43993 | Elf:2    | Reached skill level 10 in Stealth
 44464 | Elf:2    | Received a gift from Trog
 44493 | Elf:3    | Entered Level 3 of the Elven Halls
 44518 | Elf:3    | Found Wogi's Book Shop.
 45517 | Elf:3    | Found a shimmering blue altar of Sif Muna.
 45814 | Elf:3    | Noticed a Tzitzimitl
 46077 | Elf:3    | Identified the +4 rapier of the Disturbing Souls {freeze,
                  | rF+ Str+4 Int+3}
 46221 | Elf:3    | Identified the amulet "Ixeito" {rPois rF- rN+++ Regen+
                  | RegenMP+ rCorr}
 46239 | Elf:3    | Identified the +7 scimitar of Fedhas's Supremacy {flame,
                  | rN+}
 46239 | Elf:3    | Identified the +0 robe "Nybudgh" {Str+4}
 46239 | Elf:3    | Identified the ring of Campyas {Will+ Int+4}
 46273 | Elf:3    | Identified the +1 falchion "Ylaomer" {freeze, rC+ rCorr}
 46665 | Elf:3    | Received a gift from Trog
 46985 | Elf:3    | Identified the staff "Tiexur" {rF+ Will+ Str+2 Int+5 Fire}
 47011 | Elf:3    | Identified the +3 sling "Nota" {heavy, Str+3 SInv}
 47304 | Vaults:1 | Entered Level 1 of the Vaults
 47694 | Vaults:1 | Reached XP level 21. HP: 173/173 MP: 22/22
 47866 | Vaults:1 | Identified the ring of Yliejam {Fly rPois rF+}
 47869 | Vaults:1 | Identified the amulet "Limaozagi" {Fly Regen+ Int+4 Dex+4
                  | Stlth+}
 47902 | Vaults:1 | Reached skill level 15 in Long Blades
 47917 | Vaults:1 | Identified the +6 dagger of Indomitability {antimagic,
                  | Will+}
 48735 | Vaults:2 | Reached skill level 1 in Throwing
 48747 | Vaults:2 | Received a gift from Trog
 49024 | Vaults:2 | Identified the +2 robe "Edox" {rN++ Will- SInv Stlth+}
 49024 | Vaults:2 | Noticed Boris
 49050 | Vaults:2 | Killed Boris
 49134 | Vaults:2 | You are sucked into a shaft and drop 2 floors!
 49215 | Vaults:4 | Found a runed translucent gate.
 49216 | Vaults:4 | Found a runed translucent gate.
 49216 | Vaults:4 | Found a runed translucent gate.
 49216 | Vaults:4 | Noticed Xedevy's ghost (adept KoEn)
 50076 | Vaults:4 | Found Wogheupa's Magic Scroll Shop.
 50081 | Vaults:4 | Bought a scroll of blinking for 127 gold pieces
 50101 | Vaults:4 | Reached skill level 5 in Throwing
 50119 | Vaults:4 | Received a gift from Trog
 50231 | Vaults:4 | Reached XP level 22. HP: 184/184 MP: 23/23
 50889 | Vaults:3 | Received a gift from Trog
 51019 | Vaults:3 | Found Pivuttia's Assorted Antiques.
 51027 | Vaults:3 | Bought a phantom mirror for 1160 gold pieces
 51068 | Vaults:3 | Found Biewk's Antique Armour Emporium.
 51158 | Vaults:3 | Found Idde's Jewellery Shop.
 51545 | Vaults:3 | Found a staircase to the Crypt.
 51670 | Vaults:3 | Found Zemum's Magic Scroll Emporium.
 51675 | Vaults:3 | Bought 2 scrolls of blinking for 270 gold pieces
 51711 | Vaults:3 | Found Siru Tup's Magic Scroll Shoppe.
 51975 | Vaults:2 | Identified the orb "Ampaigim" {*channel, Str+2 Necro Ice}
 51975 | Vaults:2 | Noticed Frederick
 51997 | Vaults:2 | Killed Frederick
 52968 | Vaults:4 | Received a gift from Trog
 53398 | Vaults:5 | Entered Level 5 of the Vaults
 53702 | Vaults:4 | Reached XP level 23. HP: 128/194 MP: 24/24
 53762 | Vaults:4 | Reached skill level 10 in Throwing
 54005 | Vaults:5 | Noticed a dread lich
 54041 | Vaults:4 | Killed a dread lich
 54398 | Vaults:5 | Received a gift from Trog
 54783 | Depths:1 | Entered Level 1 of the Depths
 55427 | Depths:1 | Found a snail-covered altar of Cheibriados.
 55498 | Depths:1 | Found a gateway to Hell.
 55589 | Depths:2 | Noticed Margery
 56326 | Depths:2 | Received a gift from Trog
 56622 | Depths:2 | Reached skill level 15 in Throwing
 56654 | Depths:2 | Identified the +4 robe of Tuzit {rF+}
 56654 | Depths:2 | Identified the ring "Fenwume" {Fly Slay+2}
 56654 | Depths:2 | Noticed Boris
 56660 | Depths:2 | Noticed a juggernaut
 56670 | Depths:2 | Killed Boris
 56674 | Depths:2 | Killed a juggernaut
 57012 | Depths:2 | Found a one-way gate leading to the halls of Pandemonium.
 57044 | Depths:2 | Found a one-way gate to the infinite horrors of the Abyss.
 57497 | Depths:2 | Killed Margery
 57712 | Depths:3 | Reached XP level 24. HP: 187/201 MP: 24/24
 57829 | Depths:3 | Found a one-way gateway to a ziggurat.
 58082 | Depths:3 | Found an ancient bone altar of Kikubaaqudgha.
 58968 | Depths:4 | Entered Level 4 of the Depths
 59174 | Depths:4 | Received a gift from Trog
 59212 | Depths:4 | Noticed Sojobo
 59220 | Depths:4 | Killed Sojobo
 59305 | Depths:4 | Noticed Jory
 59317 | Depths:4 | Killed Jory
 59360 | Depths:4 | Found Zeveag's Antique Weapon Shoppe.
 59362 | Depths:4 | Found Gaim's Distillery.
 59365 | Depths:4 | Found Rufob's Antique Weapon Shoppe.
 59390 | Depths:4 | Bought a potion of heal wounds for 55 gold pieces
 59510 | Depths:4 | Identified the +9 demon whip of Prescription {vamp, +Blink
                  | rElec rF+ Int+3}
 60163 | Depths:4 | Received a gift from Trog
 60711 | Depths:4 | Found a gate to the Realm of Zot.
 60854 | Depths:4 | Reached XP level 25. HP: 210/210 MP: 26/26
 61734 | Vaults:5 | Received a gift from Trog
 61804 | Vaults:5 | Identified the +12 chain mail of the Tundras {Str+3}
 62552 | Vaults:5 | Identified the ring "Oseulus" {rF+ Str+4 Int-4 Dex+6}
 62559 | Vaults:5 | Got a silver rune of Zot
 63512 | Zot:1    | Entered Level 1 of the Realm of Zot
 63807 | Zot:1    | Received a gift from Trog
 63809 | Zot:1    | Reached skill level 15 in Armour
 65317 | Zot:1    | Reached XP level 26. HP: 211/218 MP: 26/26
 65497 | Zot:2    | Received a gift from Trog
 65928 | Zot:2    | Noticed an orb of fire
 66344 | Orc:2    | Bought a scroll of enchant armour for 105 gold pieces
 66344 | Orc:2    | Bought a scroll of teleportation for 42 gold pieces
 66344 | Orc:2    | Bought a scroll of enchant weapon for 105 gold pieces
 66651 | Vaults:4 | Bought a scroll of fear for 68 gold pieces
 66651 | Vaults:4 | Bought a scroll of enchant weapon for 127 gold pieces
 67245 | Zot:2    | Gained mutation: You sometimes lose your temper in combat.
                  | [an orb of fire]
 67254 | Zot:2    | Killed an orb of fire
 67589 | Zot:2    | Reached skill level 16 in Long Blades
 68711 | Zot:3    | Reached skill level 17 in Long Blades
 68732 | Zot:3    | Noticed a Killer Klown
 68756 | Zot:3    | Killed a Killer Klown
 69097 | Zot:3    | Reached skill level 18 in Long Blades
 69477 | Zot:3    | Received a gift from Trog
 69777 | Zot:4    | Found a transporter.
 69779 | Zot:4    | Noticed Ygyeth Femmu's ghost (veteran MiBe)
 69780 | Zot:4    | Noticed a dread lich
 69783 | Zot:4    | Noticed a dread lich
 69949 | Zot:4    | Reached skill level 19 in Long Blades
 70598 | Zot:4    | Reached XP level 27. HP: 224/224 MP: 26/26
 70866 | Zot:4    | Found a transporter.
 71132 | Zot:5    | Entered Level 5 of the Realm of Zot
 71549 | Zot:5    | Reached skill level 20 in Long Blades
 71799 | Zot:5    | Lost mutation: You sometimes lose your temper in combat.
                  | [potion of mutation]
 71799 | Zot:5    | Gained mutation: You are resistant to electric shocks.
                  | (rElec) [potion of mutation]
 71799 | Zot:5    | Gained mutation: You passively map a small area around you.
                  | [potion of mutation]
 71799 | Zot:5    | Gained mutation: You have an increased reservoir of magic.
                  | (+10% MP) [potion of mutation]
 72323 | Zot:5    | Noticed an orb of fire
 72326 | Zot:5    | Gained mutation: Your spells are a little easier to cast,
                  | but a little less powerful. [an orb of fire]
 72335 | Zot:5    | Killed an orb of fire
 72598 | Zot:5    | Noticed an orb of fire
 72610 | Zot:5    | Noticed an orb of fire
 74360 | Zot:5    | Noticed an ancient lich
 74360 | Zot:5    | Noticed an orb of fire
 74366 | Zot:5    | Gained mutation: You are clumsy. (Dex -2) [an orb of fire]
 74374 | Zot:5    | Gained mutation: Your body sometimes deteriorates upon
                  | taking damage. [an orb of fire]
 74393 | Zot:5    | Killed an orb of fire
 74396 | Zot:5    | Gained mutation: You occasionally shout uncontrollably at
                  | your foes. [an orb of fire]
 74400 | Zot:5    | Killed an orb of fire
 74401 | Zot:5    | Reached skill level 21 in Long Blades
 74811 | Zot:5    | Noticed an orb of fire
 74818 | Zot:5    | Killed an orb of fire
 75039 | Zot:5    | Gained mutation: You have large cloven feet. [an orb of
                  | fire]
 75052 | Zot:5    | Killed an orb of fire
 75115 | Zot:5    | Killed an ancient lich
 75285 | Zot:5    | Noticed an orb of fire
 75290 | Zot:5    | Gained mutation: You are frail. (-10% HP) [an orb of fire]
 75293 | Zot:5    | Killed an orb of fire
 75438 | Zot:5    | Received a gift from Trog
 75959 | Zot:5    | Noticed an orb of fire
 75964 | Zot:5    | Killed an orb of fire
 76014 | Zot:5    | Got the Orb of Zot
 76044 | Zot:5    | Noticed Xauh the pandemonium lord
 76262 | Depths:4 | Noticed Rufoomp the pandemonium lord
 76276 | Depths:3 | Identified the +2 robe of the Planets {Will+ Stlth+}
 76276 | Depths:3 | Noticed Boris
 76621 | D:6      | Noticed Erutot the pandemonium lord
 76685 | D:$      | Escaped with the Orb!

Illustrated notes

Levels and vault maps discovered:
D:1:      tarquinn_simple_flora_water_a, layout_loops_ring,
          hangedman_decor_growths
D:2:      layout_rooms
D:3:      layout_loops_corners, mainiacjoe_overflow_brackets, zin_statuary,
          shapermc_ecumenical_altar_venn, uniq_grinder
D:4:      layout_rooms, portal_sewer_entry_e,
          hangedman_abyss_or_decor_lesser_grid, dreamdust_princess_bridge
D:5:      layout_basic, overflow_temple_1_default, uniq_crazy_yiuf_cottage
D:6:      layout_gridville, beargit_hepliaklqana_dungeon_heroes,
          mainiacjoe_overflow_tiny_flanked, mainiacjoe_overflow_paths
D:7:      layout_basic, mainiacjoe_overflow_six_doors_small,
          minmay_temple_entry_fiery, serial_shops,
          nicolae_shop_tiny_real_fake_doors
D:8:      layout_loops_cross, serial_shops, shop, minmay_misc_feat_diagonals,
          roadster_capsule_ark_zombie
D:9:      layout_rooms, due_lair_maze_entry_diamond, grunt_decor_cap,
          patterned_corridor
D:10:     layout_roguey, old_standard_altar, serial_shops, shop,
          nicolae_stop_n_shop_2, chequers_serial_rivers_small_b,
          minmay_misc_feat_chi, minivault_4, minmay_lindwurm_lava
D:11:     layout_roguey, uniq_urug
D:12:     minmay_the_grid_triangle_9x9_recursive_3
          [minmay_the_grid_triangle_9x9_zippers_horizontal,
          minmay_the_grid_triangle_9x9_swiss_cheese,
          minmay_the_grid_triangle_9x9_odd_lines,
          minmay_the_grid_triangle_9x9_prize_schism,
          minmay_the_grid_triangle_9x9_corruption,
          minmay_the_grid_triangle_9x9_limited_checkers,
          minmay_the_grid_triangle_9x9_sparse_checkered,
          minmay_the_grid_triangle_9x9_shrine,
          minmay_the_grid_triangle_9x9_negative_grid], layout_irregular_city,
          david_orc_3, portal_ice_cave_entry_pillars_2, dk_noncrumbling_3,
          the_hattery
D:13:     layout_rooms, hangedman_vaults_entry_quadrant_bands,
          fiery_altar_vehumet
D:14:     layout_roguey, serial_rivers, chequers_serial_rivers_room_b,
          chequers_serial_rivers_micro_c, chequers_serial_rivers_room_b,
          chequers_serial_rivers_marsh, chequers_serial_rivers_large_b,
          nicolae_uskayaw_en_pointe
D:15:     grunt_enter_depths_magical_seal, layout_rooms, serial_corexii_hall,
          chequers_hall_statues_y, corexii_hall_statues_x,
          chequers_hall_statues_y, corexii_hall_statues_x,
          pdpol_wu_jian_five_deadly_venoms, uniq_louise
Temple:   eino_temple_lava
Lair:1:   layout_layer_cave, nicolae_volcano_entry_lava_flow
Lair:2:   layout_small_grid, minmay_shoals_entry_hut,
          grunt_forest_large_clearings, infiniplex_staircase_pool_2,
          serial_bayou_shore_a, grunt_megastairs_3
Lair:3:   layout_small_grid, guppyfry_snake_entry_island, uniq_josephine
Lair:4:   layout_cave_pods, chequers_serial_rivers_room_b,
          infiniplex_staircase_pool, grunt_megastairs_1
Lair:5:   due_jungle_book, layout_misc_corridors, dpeg_slime_entry_corner,
          serial_bayou_lagoon_a
Shoals:1: layout_shoals, lemuel_oklob_altar
Shoals:2: nzn_motion_control, layout_shoals, serial_shops,
          nicolae_shop_hallway_stairs, nicolae_shoals_arrival_archipelago
Shoals:3: layout_shoals, serial_shops, bzr_entry_dummy, uniq_bai_suzhen
Shoals:4: shoals_end_hellmonk_holy_island
Snake:1:  layout_layer_cave, nicolae_shop_firing_range
Snake:2:  gammafunk_sealed_library, layout_chambers, hangedman_venom_bottle
Snake:3:  layout_onion_interference, serial_shops, shop, nicolae_integral_box
Snake:4:  johnstein_snake_rune_scales, layout_chambers
Orc:1:    layout_diamond_mine, basic_altar
Orc:2:    grunt_orc_tribal_feast, layout_caves, nicolae_shop_vocational
Elf:1:    elf_arrival_002, layout_rooms, nicolae_elf_shapeshifter_party,
          minmay_shoptagon
Elf:2:    nicolae_elf_blades_crystal_corner, layout_gridlike,
          gammafunk_ghost_wrathful_warriors,
          portal_desolation_entry_nicolae_nacl
Elf:3:    elf_hall, layout_gridlike, serial_shops, nicolae_diamond_shop,
          dreamdust_wishing_well, lemuel_statue_altar
Vaults:1: ontoclasm_vaults_fault, v_misc_28, nicolae_vaults_triangles,
          nicolae_vaults_big_angled_halls, vaults_mumra_minichess,
          nicolae_vaults_weapon_check, nicolae_vaults_closet_pinwheel_5,
          nicolae_vaults_double_plus_1, nicolae_vaults_storing_the_good_stuff,
          nicolae_vaults_house_2, nicolae_vaults_apartment_2,
          layout_vaults_big_room
Vaults:2: v_misc_19, nicolae_vaults_mitosis, ontoclasm_vaults_pinch, v_rooms_5,
          nicolae_vaults_lightning_bolt, vaults_room_stairs_pillars, v_misc_19,
          nicolae_vaults_offset_grid_hallway_3,
          nicolae_vaults_door_testing_chamber, ontoclasm_vaults_spin,
          nicolae_vaults_sightless_eye, nicolae_vaults_double_plus_1,
          nicolae_vaults_turnstiles, layout_vaults_maze_snakey, uniq_frederick,
          uniq_boris
Vaults:3: v_misc_4, nicolae_vaults_closet_pinwheel_1,
          nicolae_vaults_tetromino_Z_1, vaults_room_door_hall,
          nicolae_vaults_trapezoid_3, grunt_vaults_hallway_short,
          nicolae_vaults_closet_pinwheel_4, nicolae_vaults_surprise_closet,
          minmay_crypt_entry_simple_statues, nicolae_vaults_mini_display_case,
          nicolae_vaults_shelves_hall, layout_vaults_quadrants, serial_shops,
          nicolae_shop_window_shopping, nicolae_shop_just_a_little_nook,
          nicolae_shop_rolling_square, nicolae_shop_tiny_real_fake_doors, shop
Vaults:4: ebering_ghost_rock_garden, nicolae_vaults_closet_pinwheel_5,
          nicolae_vaults_meiosis, v_misc_27, nicolae_vaults_twisting_passages,
          nicolae_vaults_heist, v_alt_pattern_2, vaults_room_octagon,
          nicolae_vaults_little_squares_6, nicolae_vaults_asterisk,
          vaults_room_door_ring, nicolae_vaults_trapezoid_2,
          layout_vaults_big_cross, serial_shops, shop
Vaults:5
Depths:1: layout_gridlike, pf_hell_entry_tar_spiral, hangedman_decor_push,
          serial_library_hellmonk_semicircle, cheibriados_altar_1
Depths:2: nicolae_aperiodic_l_corner, layout_honeycomb, grunt_pan_entry_spiral,
          abyss_entry_small_statue_room, grunt_metal_band,
          infiniplex_staircase_pillars_1
Depths:3: minmay_stepped, layout_gridlike, enter_ziggurat_c,
          regret_index_abyss_entry_earlier_magic, hell_entry,
          nicolae_kikubaaqudgha_miasma_corner, minmay_misc_feat_doors,
          grunt_megastairs_5
Depths:4: lemuel_castle_with_subvaults [lemuel_castle_interior_original],
          layout_gridlike, hellmouth_1, regret_index_abyss_entry_already_here,
          minmay_shop_star, serial_bayou_shore_b, uniq_sojobo, uniq_jory
Zot:1:    grunt_deathspiral_small, layout_concentric_octagons
Zot:2:    layout_gridlike
Zot:3:    layout_misc_corridors, regret_index_zotdec_onion_hex, st_stairs_12,
          zot_minivault_7
Zot:4:    layout_basic, gammafunk_ghost_mausoleum, lemuel_flame_loot_1
Zot:5:    layout_gridlike

Skill      XL: |  1  2  3  4  5  6  7  8  9 10 11 12 13 14 15 16 17 18 19 20 21 22 23 24 25 26 27 |
---------------+----------------------------------------------------------------------------------+-----
Stealth        | 1 2 4 9 10 12 | 12.7
Long Blades    | 4 5 6 8 10 12 13 14 15 19 21 | 21.5
Fighting       | 4 5 6 10 12 14 15 16 18 19 20 | 20.3
Short Blades   | 5 8 |  8.1
Shields        | 5 11 15 16 17 18 19 | 19.3
Evocations     | 4 5 7 8 11 16 18 | 18.0
Armour         | 4 7 8 11 12 13 16 | 16.0
Invocations    | 2 4 |  4.0
Dodging        | 5 11 15 16 18 20 | 20.3
Throwing       | 5 9 16 18 | 18.0

Action                     |  1- 3 |  4- 6 |  7- 9 | 10-12 | 13-15 | 16-18 | 19-21 | 22-24 | 25-27 || total
---------------------------+-------+-------+-------+-------+-------+-------+-------+-------+-------++-------
  Melee: Falchion          |   137 |    52 |   191 |       |       |       |       |       |       ||   380
         Dagger            |       |       |   231 |       |       |       |       |       |       ||   231
         Demon blade       |       |       |    69 |   498 |  1106 |  1358 |  1582 |  1945 |   632 ||  7190
         Scimitar          |       |       |       |       |    27 |       |       |       |       ||    27
         Double sword      |       |       |       |       |       |       |       |   132 |  1139 ||  1271
  Throw: Dart              |       |       |    77 |    16 |       |       |       |       |       ||    93
         Javelin           |       |       |       |       |       |       |       |       |    93 ||    93
 Invoke: Berserk           |     2 |     3 |     9 |     6 |     9 |     4 |     5 |     5 |     4 ||    47
         Trog's Hand       |       |       |       |     2 |     1 |     5 |     4 |     6 |     2 ||    20
         Brothers in Arms  |       |       |       |       |     1 |     3 |     7 |     4 |     6 ||    21
  Evoke: Wand              |       |       |       |     1 |     4 |     6 |     5 |     2 |     5 ||    23
         Condenser vane    |       |       |       |       |       |     2 |     1 |     1 |     1 ||     5
         Sack of spiders   |       |       |       |       |       |     1 |     1 |     1 |     2 ||     5
         Phantom mirror    |       |       |       |       |       |       |       |     2 |     1 ||     3
    Use: Scroll            |       |     4 |     9 |     7 |     6 |     6 |     9 |     7 |    18 ||    66
         Potion            |       |       |       |       |     3 |     1 |       |     1 |     9 ||    14
   Stab: Sleeping          |     1 |     3 |     1 |       |     4 |     1 |    13 |    26 |    14 ||    63
         Distracted        |       |       |       |       |     3 |     7 |     4 |     8 |    14 ||    36
         Confused          |       |       |       |       |       |     1 |       |       |       ||     1
         Held in net/web   |       |       |       |       |       |       |       |     3 |     2 ||     5
 Armour: Animal skin       |    47 |    19 |       |       |       |       |       |       |       ||    66
         Leather armour    |       |     3 |   138 |       |       |       |       |       |       ||   141
         Chain mail        |       |       |    43 |   114 |       |       |       |       |       ||   157
         Ring mail         |       |       |    15 |    64 |   301 |   483 |   400 |   493 |   695 ||  2451
  Dodge: Dodged            |    96 |    39 |   267 |   106 |   176 |   328 |   620 |   959 |  1062 ||  3653
  Block: Kite shield       |       |       |       |   318 |   881 |  1282 |  1477 |  1698 |  1633 ||  7289
         Reflection        |       |       |       |     8 |    37 |   164 |    69 |       |       ||   278

Table legend: (Time is in decaauts)
 A = Elapsed time spent in this place.
 B = Non-inter-level travel time spent in this place.
 C = Inter-level travel time spent in this place.
 D = Time resting spent in this place.
 E = Time spent auto-exploring this place.
 F = Levels seen in this place.
 G = Mean time per level.
                   A        B        C        D        E       F      G
               +--------+--------+--------+--------+--------+-----+--------+
         Total |  74439 |  67139 |   7300 |  15893 |  34668 |  53 | 1404.5 |
       Dungeon |  17214 |  14860 |   2354 |   3020 |   8270 |  15 | 1147.6 |
        Temple |      1 |      1 |      0 |      0 |      0 |   1 |    1.0 |
          Lair |   6088 |   5352 |    736 |    524 |   3684 |   5 | 1217.6 |
        Shoals |   5600 |   5296 |    304 |   1497 |   2469 |   4 | 1400.0 |
     Snake Pit |   6446 |   6282 |    164 |   1227 |   3865 |   4 | 1611.5 |
  Orcish Mines |   3342 |   2894 |    448 |    689 |   1699 |   2 | 1671.0 |
   Elven Halls |   4650 |   4465 |    185 |   1149 |   2174 |   3 | 1550.0 |
        Vaults |   9003 |   7771 |   1232 |   1282 |   4177 |   5 | 1800.6 |
        Depths |   6996 |   5871 |   1125 |    792 |   3373 |   4 | 1749.0 |
           Zot |  10855 |  10106 |    749 |   3992 |   3724 |   5 | 2171.0 |
        Bazaar |     55 |     55 |      0 |      0 |     25 |   1 |   55.0 |
         Sewer |    212 |    212 |      0 |    101 |     59 |   1 |  212.0 |
      Ice Cave |   1036 |   1036 |      0 |    308 |    373 |   1 | 1036.0 |
       Volcano |    971 |    971 |      0 |    641 |    181 |   1 |  971.0 |
    Desolation |   1963 |   1963 |      0 |    667 |    594 |   1 | 1963.0 |
               +--------+--------+--------+--------+--------+-----+--------+

Top non-repeatable levels by time:
   Zot:5: 3876 daAuts
Vaults:4: 3001 daAuts
   Elf:3: 2538 daAuts
   Orc:2: 2514 daAuts
Depths:2: 2306 daAuts
Depths:4: 2305 daAuts
 Snake:4: 2226 daAuts
   Zot:1: 2193 daAuts
    D:12: 1986 daAuts
   Zot:2: 1966 daAuts
Desolation: 1963 daAuts
Shoals:4: 1750 daAuts
Vaults:1: 1721 daAuts
  Lair:5: 1662 daAuts
Vaults:3: 1659 daAuts
